Map: Acid Plant LE

Players

Neeb - Winner!

  • Race: Protoss Protoss
  • Spawn Location: 11:00

iAsonu

  • Race: Zerg Zerg
  • Spawn Location: 5:00

Event: WCS Valencia 2018

VOD

Have the link to the VOD?

Description

Time

  • Played on: July 12, 2018, 1:01 p.m.
  • Length: 19:18

All games in this series

Show
View Real Time Build Order
Export as new Build Order

Neeb Protoss - Winner!

Build Orders: 1 Gate Expand, Oracle Opening, Phoenix Opening, Carriers, Mass Phoenix 

Get SALT Encoding   

  12  0:00  Probe  
  13  0:12  Probe  
  14  0:18  Pylon  
  14  0:24  Probe  
  15  0:32  Probe  
  15  0:40  Probe, Gateway  
  16  0:47  Assimilator  
  17  0:51  Probe  
  18  1:03  Probe  
  19  1:15  Probe  
  20  1:24  Nexus  
  20  1:33  Cybernetics Core  
  20  1:37  Probe  
  21  1:41  Assimilator  
  21  1:49  Probe  
  21  1:52  Pylon  
  22  2:01  Probe  
  23  2:04  Adept  
  23  2:09  Probe  
  26  2:17  Probe  
  26  2:21  Stargate  
  27  2:27  Probe  
  28  2:30  Adept  
  28  2:33  Probe  
  28  2:35  Warp Gate  
  31  2:40  Probe  
  31  2:41  Probe  
  32  2:51  Probe  
  33  2:52  Probe  
  35  2:59  Phoenix  
  35  3:03  Probe  
  35  3:04  Probe  
  39  3:10  Assimilator  
  39  3:11  Assimilator  
  39  3:15  Probe  
  39  3:16  Probe  
  39  3:17  Oracle  
  42  3:27  Probe  
  42  3:28  Probe  
  42  3:30  Gateway  
  42  3:33  Pylon  
  44  3:39  Probe  
  44  3:40  Probe  
  46  3:45  Stargate  
  46  3:51  Probe  
  46  3:52  Adept, Probe  
  46  3:54  Pylon  
  50  4:01  Phoenix  
  52  4:03  Probe  
  52  4:04  Probe  
  54  4:11  Pylon  
  54  4:15  Probe  
  54  4:16  Probe  
  56  4:19  Phoenix  
  56  4:26  Phoenix  
  56  4:27  Probe  
  61  4:35  Probe  
  61  4:36  Pylon  
  62  4:41  Adept, Phoenix  
  62  4:42  Adept  
  68  4:45  Phoenix  
  70  4:58  Nexus  
  70  5:06  Phoenix  
  72  5:10  Phoenix  
  72  5:11  Pylon  
  74  5:14  Pylon  
  74  5:29  Sentry  
  74  5:30  Sentry  
  74  5:31  Shield Battery  
  78  5:35  Robotics Facility  
  78  5:37  Probe x2, Robotics Facility  
  80  5:49  Probe x2  
  80  5:50  Assimilator  
  80  5:55  Assimilator  
  80  5:57  Pylon  
  80  5:58  Twilight Council  
  80  6:01  Forge, Probe x2  
  82  6:11  Probe  
  82  6:13  Probe x2  
  82  6:14  Immortal x2, Protoss Ground Weapons Level 1  
  85  6:23  Probe  
  94  6:25  Probe  
  94  6:29  Pylon  
  94  6:31  Probe  
  94  6:32  Pylon  
  96  6:35  Charge  
  96  6:38  Probe  
  96  6:39  Probe  
  98  6:43  Probe  
  99  6:47  Immortal, Templar Archives  
  99  6:50  Probe  
  99  6:51  Observer  
  99  6:53  Pylon  
  100  6:59  Probe  
  106  7:01  Probe  
  106  7:02  Probe  
  106  7:03  Gateway  
  106  7:07  Gateway  
  108  7:11  Probe  
  109  7:16  Psionic Storm  
  109  7:17  Immortal  
  113  7:23  High Templar x2  
  113  7:25  Gateway  
  113  7:29  Immortal, Pylon  
  121  7:37  Probe x2  
  121  7:39  Probe  
  123  7:51  Probe  
  123  7:55  Probe  
  123  7:56  High Templar x2  
  123  7:58  Protoss Ground Weapons Level 2  
  127  8:01  Probe  
  128  8:06  Immortal  
  128  8:11  High Templar  
  128  8:12  Nexus  
  134  8:13  Pylon  
  134  8:16  Photon Cannon  
  134  8:17  Photon Cannon  
  134  8:20  Photon Cannon  
  134  8:22  Shield Battery  
  134  8:25  Assimilator  
  134  8:26  High Templar  
  136  8:27  Pylon  
  136  8:28  Assimilator  
  136  8:30  Immortal  
  136  8:32  Pylon  
  136  8:34  Probe x3  
  143  8:47  Probe x2  
  141  8:50  Photon Cannon  
  141  8:52  Photon Cannon  
  141  8:53  Shield Battery  
  141  8:54  High Templar x2  
  141  8:55  Shield Battery  
  145  8:56  High Templar  
  145  8:58  Archon  
  145  8:59  Probe  
  145  9:00  Immortal, Probe  
  145  9:01  Zealot  
  151  9:03  Probe  
  151  9:09  Fleet Beacon  
  152  9:10  Immortal  
  160  9:35  Immortal  
  156  9:39  Zealot x5  
  156  9:43  Observer  
  170  9:46  Gateway, Mothership  
  170  9:50  Gateway  
  179  10:02  Zealot  
  179  10:03  Immortal  
  179  10:05  Probe x2  
  185  10:07  High Templar  
  185  10:09  Probe  
  185  10:12  Pylon  
  178  10:18  Pylon  
  178  10:19  Pylon  
  178  10:20  Photon Cannon x2  
  178  10:21  Photon Cannon  
  178  10:26  Zealot x4  
  186  10:30  Archon  
  186  10:33  Immortal  
  186  10:35  Protoss Shields Level 1  
  190  10:36  Protoss Air Weapons Level 1  
  190  10:44  Carrier  
  190  10:47  Stargate  
  190  10:53  Carrier  
  192  11:06  Photon Cannon  
  192  11:07  Shield Battery, Photon Cannon  
  192  11:10  Photon Cannon  
  194  11:24  High Templar  
  194  11:25  High Templar  
  198  11:30  Nexus  
  198  11:32  Pylon  
  198  11:37  Photon Cannon  
  194  11:49  Carrier, Pylon  
  194  11:52  Stargate  
  194  11:53  Stargate  
  182  11:55  Carrier  
  188  12:05  Carrier  
  186  12:16  Protoss Air Weapons Level 2  
  192  12:23  Assimilator  
  192  12:27  Assimilator  
  192  12:28  Photon Cannon  
  192  12:30  Photon Cannon  
  192  12:31  Protoss Shields Level 2, Photon Cannon  
  192  12:33  Photon Cannon  
  192  12:35  Archon, Photon Cannon  
  190  12:37  Shield Battery  
  190  12:38  Shield Battery  
  190  12:44  Carrier  
  196  13:01  Zealot x2  
  197  13:10  Zealot  
  199  13:15  Carrier  
  199  13:17  Dark Shrine  
  181  13:35  Carrier x3  
  186  13:51  High Templar x3  
  186  13:52  High Templar, Zealot  
  186  13:53  Zealot x2  
  200  13:58  Archon  
  200  13:59  Archon  
  200  14:04  Assimilator  
  200  14:16  Stargate  
  200  14:18  Stargate  
  200  14:19  Nexus  
  200  14:20  Shadow Stride  
  194  14:24  High Templar  
  194  14:25  High Templar x2  
  200  14:33  Pylon  
  200  14:43  Protoss Shields Level 3, Blink  
  200  14:44  Pylon  
  200  14:50  Robotics Bay  
  175  15:09  Dark Templar x3  
  175  15:10  Dark Templar x4  
  175  15:23  Photon Cannon  
  175  15:25  Photon Cannon  
  175  15:26  Photon Cannon  
  175  15:28  Photon Cannon  
  175  15:34  Assimilator  
  175  15:39  Assimilator  
  174  15:45  Gateway  
  174  15:48  Gateway  
  173  15:50  Gateway  
  173  15:51  Protoss Air Weapons Level 3  
  173  15:53  Gateway  
  173  15:56  Gateway  
  161  15:59  Dark Templar  
  161  16:00  Dark Templar x6  
  161  16:03  Probe x5  
  178  16:08  Probe  
  179  16:17  Probe  
  179  16:18  Probe  
  181  16:23  Probe  
  178  16:34  Oracle  
  178  16:38  Oracle  
  181  16:57  Carrier x3  
  175  17:08  Carrier  
  175  17:10  Carrier  
  175  17:11  Nexus  
  194  17:53  Warp Prism x2  
  198  18:04  Pylon  
  198  18:08  Pylon  
  198  18:12  Graviton Catapult  
  198  18:14  Assimilator  
  198  18:20  Assimilator  
  197  18:37  Nexus  
  197  18:39  Pylon  
  197  18:41  High Templar  
  199  18:47  Pylon  
Show
View Real Time Build Order
Export as new Build Order

iAsonu Zerg 

Build Orders: Hatch First, Brood Lord Corruptor, Lurkers, Roach Hydra 

Get SALT Encoding   

  12  0:00  Drone  
  13  0:12  Overlord  
  13  0:17  Drone  
  14  0:30  Drone  
  14  0:31  Drone  
  14  0:35  Drone  
  17  0:50  Hatchery  
  17  0:54  Drone  
  17  0:57  Drone  
  18  1:07  Extractor  
  17  1:11  Spawning Pool  
  17  1:15  Drone  
  17  1:18  Drone  
  18  1:27  Drone  
  19  1:38  Drone  
  20  1:49  Overlord  
  20  1:58  Queen  
  22  2:03  Zergling x2, Queen  
  22  2:04  Zergling x2  
  26  2:08  Metabolic Boost  
  26  2:11  Drone  
  26  2:13  Drone  
  28  2:23  Drone  
  28  2:25  Drone  
  30  2:41  Hatchery, Queen  
  30  2:43  Drone  
  32  2:48  Overlord  
  32  2:50  Drone  
  33  2:53  Drone  
  33  2:56  Drone  
  35  3:05  Drone  
  36  3:10  Drone x5  
  41  3:19  Drone  
  41  3:21  Spore Crawler  
  41  3:25  Overlord, Queen  
  43  3:28  Drone  
  43  3:31  Overlord  
  44  3:42  Overlord x2  
  44  3:47  Spore Crawler  
  43  3:49  Drone  
  43  3:50  Drone x3  
  43  3:51  Lair  
  47  3:56  Spore Crawler  
  47  3:59  Drone x2  
  47  4:00  Drone  
  49  4:06  Spore Crawler, Extractor  
  49  4:08  Drone x2  
  49  4:09  Drone  
  50  4:16  Roach Warren  
  49  4:19  Drone  
  49  4:20  Drone x2  
  49  4:22  Spore Crawler  
  49  4:24  Drone  
  51  4:34  Drone x2  
  51  4:35  Extractor  
  53  4:38  Overlord  
  53  4:41  Overlord  
  53  4:42  Drone x5  
  53  4:43  Drone  
  59  4:48  Overlord  
  59  4:50  Drone  
  60  4:55  Queen  
  60  4:58  Drone x3  
  64  5:04  Zergling x10  
  69  5:08  Glial Reconstitution  
  69  5:11  Drone x3  
  69  5:13  Drone  
  73  5:17  Drone x3  
  73  5:18  Drone  
  77  5:23  Overlord  
  76  5:29  Hydralisk Den, Evolution Chamber  
  76  5:31  Spore Crawler  
  76  5:32  Spore Crawler  
  76  5:35  Drone x5  
  73  5:38  Spore Crawler  
  73  5:39  Drone  
  73  5:41  Drone x2  
  73  5:42  Drone  
  73  5:44  Drone  
  73  5:46  Overlord  
  73  5:47  Drone  
  75  5:53  Drone x3  
  75  5:55  Extractor  
  75  5:56  Extractor  
  75  5:57  Zerg Missile Weapons Level 1  
  76  5:58  Extractor  
  76  6:04  Drone x7  
  79  6:07  Queen  
  79  6:11  Muscular Augments  
  84  6:12  Drone  
  84  6:13  Drone  
  84  6:14  Drone  
  84  6:15  Drone  
  84  6:17  Drone x2  
  86  6:21  Drone  
  85  6:30  Drone x3  
  88  6:35  Drone  
  88  6:36  Drone x2  
  88  6:37  Hatchery  
  90  6:44  Overlord  
  89  6:54  Overlord  
  89  7:10  Extractor  
  87  7:16  Extractor  
  85  7:25  Hydralisk x18  
  121  7:32  Lurker Den, Infestation Pit  
  121  7:33  Queen  
  121  7:40  Overlord x2  
  121  7:42  Overlord  
  121  7:44  Overlord  
  121  7:47  Overlord  
  121  7:56  Overlord  
  119  7:59  Drone x9  
  119  8:05  Zerg Missile Weapons Level 2, Overseer  
  128  8:07  Drone, Grooved Spines  
  128  8:10  Drone x3  
  132  8:19  Hive  
  132  8:20  Hydralisk x7  
  132  8:21  Zergling x2  
  132  8:24  Overlord  
  132  8:26  Roach x2  
  151  8:31  Roach x3  
  157  8:48  Roach x11  
  179  8:56  Spine Crawler  
  179  9:01  Overlord  
  179  9:03  Roach x3  
  179  9:04  Overlord x2  
  179  9:06  Overlord  
  183  9:12  Spine Crawler  
  183  9:13  Spine Crawler  
  181  9:18  Spine Crawler  
  181  9:23  Spine Crawler, Roach x9  
  197  9:38  Adaptive Talons  
  193  9:39  Spire  
  193  9:44  Lurker x8  
  200  10:05  Spine Crawler  
  200  10:06  Hatchery  
  196  10:16  Pneumatized Carapace  
  185  10:33  Zerg Missile Weapons Level 3  
  185  10:34  Roach  
  185  10:35  Roach x11  
  199  10:39  Lurker x2  
  197  10:47  Overlord  
  195  11:01  Greater Spire  
  195  11:06  Corruptor x2  
  193  11:27  Corruptor x3  
  143  12:03  Roach x30  
  143  12:08  Hydralisk x4  
  200  12:23  Overlord  
  200  12:24  Spore Crawler, Zerg Flyer Weapons Level 1  
  200  12:26  Spore Crawler  
  200  12:28  Spore Crawler  
  187  12:40  Brood Lord x5  
  187  12:41  Corruptor x6  
  199  12:50  Corruptor  
  199  12:57  Corruptor x2  
  195  12:58  Overseer  
  195  12:59  Spore Crawler  
  195  13:02  Spore Crawler  
  183  13:23  Corruptor  
  183  13:24  Corruptor x5  
  165  13:42  Corruptor x4  
  168  13:58  Overseer x2  
  168  14:07  Hatchery  
  167  14:11  Roach  
  167  14:12  Roach x13  
  167  14:16  Brood Lord  
  197  14:18  Zerg Flyer Armor Level 1  
  197  14:46  Spine Crawler  
  197  14:47  Spine Crawler x2  
  149  15:12  Roach  
  149  15:13  Roach x17  
  173  15:15  Extractor  
  173  15:19  Drone x4  
  173  15:20  Drone  
  177  15:22  Extractor  
  176  15:36  Drone x7  
  183  15:47  Spore Crawler x2  
  178  15:54  Brood Lord  
  174  16:04  Spore Crawler  
  169  16:06  Spore Crawler  
  171  16:11  Drone x3  
  171  16:23  Zerg Flyer Armor Level 2  
  171  16:26  Zerg Melee Weapons Level 1  
  165  16:51  Overseer  
  165  16:52  Roach x10  
  165  16:53  Roach x2  
  159  16:57  Extractor  
  145  17:02  Spore Crawler  
  136  17:09  Roach x3  
  133  17:53  Pathogen Glands  
  133  17:54  Infestor x7  
  143  18:47  Hatchery  
  142  18:56  Overseer x2  
Tags
 
Add a new tag
Caveats
  • Supply blocks, unpowered buildings, or Contaminate may cause inaccurate times.
  • Supply counts are checked every 10 seconds.